 Dungeon Crawl Stone Soup version 0.32-a0-981-g384da2ce10 (webtiles) character file.

Game seed: 6530504581476451665

105 elagabalus the Cudgeller (level 4, -6/48 HPs)
             Began as an Oni Berserker on Apr 21, 2024.
             Was a Believer of Trog.
             Killed by divine providence
             ... invoked by an orc priest
              (11 damage)
             ... on level 3 of the Dungeon.
             The game lasted 00:10:33 (1670 turns).

elagabalus the Cudgeller (Oni Berserker)            Turns: 1670, Time: 00:10:34

Health: -6/48      AC:  3    Str: 23    XL:     4   Next: 81%
Magic:  4/4        EV:  9    Int:  8    God:    Trog [**....]
Gold:   104        SH:  0    Dex:  8    Spells: 3/3 levels left

rFire   . . .        l - +1 whip (vamp)
rCold   . . .        (no shield)
rNeg    . . .        a - +0 robe
rPois   .            (helmet restricted)
rElec   .            (no cloak)
rCorr   .            (gloves unavailable)
SInv    .            (boots unavailable)
Will    .....        (no amulet)
Stlth   +            (no ring)
HPRegen 0.28/turn    (no ring)
MPRegen 0.09/turn

%: no passive effects
@: on berserk cooldown, slowed, very slow
A: large, unfitting armour, horns 1, tough skin 1, double potion healing,
drunken brawling
a: Renounce Religion, Berserk, Trog's Hand


You were on level 3 of the Dungeon.
You worshipped Trog.
Trog was pleased with you.
You visited 1 branch of the dungeon, and saw 3 of its levels.

You collected 104 gold pieces.

Inventory:

Hand Weapons
 l - a +1 vampiric whip (weapon)
Missiles
 g - 4 large rocks (quivered)
Armour
 a - a +0 robe (worn)
Wands
 b - a wand of flame (9)
Scrolls
 d - a scroll of fog {unknown}
 h - a scroll of immolation {unknown}
 i - a scroll of teleportation {unknown}
Potions
 c - a potion of mutation
 e - a potion of degeneration {unknown}
 f - 2 potions of haste {unknown}
 j - a potion of enlightenment {unknown}


   Skills:
 - Level 4.0 Fighting
 * Level 5.4 Maces & Flails
 - Level 2.6 Dodging


You had 3 spell levels left.
You didn't know any spells.
Your spell library was empty.

Dungeon Overview and Level Annotations

Branches:
Dungeon (3/15)

Altars:
Gozag

Annotations:
D:3 1 transporter, Grinder; Stellion's ghost, amateur MDRe


Innate Abilities, Weirdness & Mutations

You are too large for most types of armour.
You have a pair of small horns on your head.
You have tough skin. (AC +1)
You gain doubled healing and magic from potions.
Whenever you drink a healing potion, you attack all around you.


Message History

Trog accepts your kill.
You hear a shout!
An orc and 2 orc priests come into view.
Found 2 bubbling cyan potions.
The orc shouts!
The orc priest shouts! x2
The orc wizard hits you with a +0 dagger.
The orc priest hits you but does no damage.
Something hits you but does no damage.
Things that are here:
a +0 trident of flaming; a +0 chain mail You barely miss the orc wizard.
The orc wizard hits you but does no damage.
The orc priest mumbles some strange prayers to Beogh against you.
Beogh smites you!
You closely miss the orc wizard. Your headbutt misses the orc wizard.
Something hits you.
You barely miss the orc wizard.
The orc priest invokes the aid of Beogh against you.
Beogh smites you!
The orc wizard hits you with a +0 dagger.
You completely miss the orc wizard. Something hits you.
You hit the orc wizard.
You feel better.
You headbutt the orc wizard!
The orc wizard is heavily wounded.
Grinder blinks!
The orc wizard hits you with a +0 dagger.
The orc priest closely misses you.
The orc priest invokes the aid of Beogh against you.
Beogh smites you!
The orc priest looks braver for a moment.
Something hits you.
You are no longer berserk.
You are exhausted.
You feel yourself slow down.
The orc priest invokes the aid of Beogh against you.
Beogh smites you!
* * * LOW HITPOINT WARNING * * *
Grinder blinks!
The orc priest calls down the wrath of Beogh upon you.
Beogh smites you!
You die...

#.....######### #...#
..............##..) .######
.................. .......
..............# o.....!
......)..†....######o......
...................#{o...(.
..................oogo..§..
..................##.......
........†.......@.# o......
............>.....# .......
..###......(.......#.......
..# ##.............#.......
.## #.#.......<.######.###
.# #.#......#### .. .#
#.##....## .# #. ...##


You could see an orc priest, an orc wizard and an orc.

Vanquished Creatures
  3 gnolls (D:2)
  2 adders
  3 ribbon worms (D:2)
  An orc (D:3)
  3 bats (D:1)
  4 endoplasms
  A giant cockroach (D:2)
  3 goblins
  4 hobgoblins
  5 jackals
  A quokka (D:1)
  3 ball pythons
  6 frilled lizards
  6 kobolds
  5 rats
50 creatures vanquished.

Notes
Turn   | Place    | Note
-------+----------+-------------------------------------------
     0 | D:1      | elagabalus the Oni Berserker began the quest for the Orb.
     0 | D:1      | Reached XP level 1. HP: 24/24 MP: 1/1
   146 | D:1      | Reached XP level 2. HP: 31/32 MP: 2/2
   148 | D:1      | Found a faded altar of an unknown god.
   496 | D:1      | Reached skill level 4 in Maces & Flails
   866 | D:2      | Found an opulent altar of Gozag.
   878 | D:2      | Reached XP level 3. HP: 37/39 MP: 3/3
   969 | D:2      | Reached ** piety under Trog
  1255 | D:2      | Reached XP level 4. HP: 37/48 MP: 4/4
  1264 | D:2      | Reached skill level 5 in Maces & Flails
  1561 | D:3      | Noticed a sky beast
  1563 | D:3      | Found a transporter.
  1563 | D:3      | Identified the +2 pair of gloves of Lugonu's Envy {Rampage
                  | *Slow Fly rElec}
  1563 | D:3      | Noticed Stellion's ghost (amateur MDRe)
  1655 | D:3      | Noticed Grinder
  1670 | D:3      | Killed from afar by an orc priest

Illustrated notes

Levels and vault maps discovered:
D:1:      dpeg_arrival_radiant, layout_loops_ring,
          hellmonk_ecumenical_altar_prayer_group, minmay_misc_feat_ornament
D:2:      layout_basic, basic_altar
D:3:      layout_rooms, gammafunk_ghost_arena,
          wander_ebering_terrifying_dragon_lair, uniq_grinder

Skill      XL: |  1  2  3  4 |
---------------+-------------+-----
Maces & Flails | 4 5 |  5.4
Fighting       | |  4.0
Dodging        | |  2.6

Action                     |  1- 3 |  4- 6 || total
---------------------------+-------+-------++-------
  Melee: Mace              |    68 |       ||    68
         Headbutt          |    15 |    10 ||    25
         Whip              |    17 |    51 ||    68
  Throw: Large rock        |     1 |       ||     1
 Invoke: Berserk           |       |     1 ||     1
         Trog's Hand       |       |     1 ||     1
    Use: Scroll            |       |     5 ||     5
   Stab: Sleeping          |     1 |       ||     1
 Armour: Animal skin       |    43 |       ||    43
         Robe              |     5 |    41 ||    46
  Dodge: Dodged            |    40 |    22 ||    62

Table legend: (Time is in decaauts)
 A = Elapsed time spent in this place.
 B = Non-inter-level travel time spent in this place.
 C = Inter-level travel time spent in this place.
 D = Time resting spent in this place.
 E = Time spent auto-exploring this place.
 F = Levels seen in this place.
 G = Mean time per level.
                   A        B        C        D        E       F      G
               +--------+--------+--------+--------+--------+-----+--------+
         Total |   1671 |   1671 |      0 |      0 |      0 |   3 |  557.0 |
       Dungeon |   1671 |   1671 |      0 |      0 |      0 |   3 |  557.0 |
               +--------+--------+--------+--------+--------+-----+--------+

Top non-repeatable levels by time:
     D:1: 804 daAuts
     D:2: 757 daAuts
     D:3: 109 daAuts
